Match 43547362
Unlisted

Match 43547362
End
Pioneer Squad
Construct Infanterie Kompanie
Selects Breakthrough Battlegroup
Grenadier Squad
Selects Assault Grenadiers
Grenadier Squad
GrW 34 Mortar Team
Construct Luftwaffe Kompanie
Selects Rapid Production
Flak 30 Anti-aircraft Gun Team
221 Scout Car
Jäger Squad
Luftwaffe Officer Quarters
Jäger Squad
Construct Panzer Kompanie
Medical Bunker
Stoßtruppen Squad
Selects Blitzkrieg
Sturmpanzer IV Brummbär
msw.*****
[Ace] Mango Rage
돈이사라지는마술
FoxOnTheFront
blackpanther989
Potato Ball Sack
JT
只出曲线
0
0

Comments sign in to comment!

No comments posted yet!